 Dungeon Crawl Stone Soup version 0.32-a0-20-ge526923d97 (webtiles) character file.

Game seed: 1182777003561408936

1716 Tocho the Magician (level 9, -2/79 HPs)
             Began as an Oni Fire Elementalist on Jan 18, 2024.
             Was an Initiate of Vehumet.
             Slain by GrumpyGrim72's ghost (3 damage)
             ... on level 6 of the Dungeon.
             The game lasted 00:23:46 (6282 turns).

Tocho the Magician (Oni Fire Elementalist)          Turns: 6282, Time: 00:23:49

Health: -2/79      AC:  3    Str: 16    XL:     9   Next: 4%
Magic:  0/26       EV:  9    Int: 24    God:    Vehumet [......]
Gold:   368        SH:  8    Dex: 15    Spells: 6/23 levels left

rFire   . . .        h - +6 Majin-Bo {spellvamp, MP+6 Int+6}
rCold   . . .        v - +0 kite shield
rNeg    . . .        B - +0 robe
rPois   .            (helmet restricted)
rElec   .            (no cloak)
rCorr   .            (gloves unavailable)
SInv    .            (boots unavailable)
Will    .....        (no amulet)
Stlth   ++           u - +6 ring of dexterity
HPRegen 0.33/turn    y - ring of wizardry
MPRegen 0.20/turn

%: wizardry (x1)
@: lethally poisoned (-2 -> -22)
A: large, unfitting armour, horns 1, tough skin 1, double potion healing,
drunken brawling
a: Renounce Religion


You were on level 6 of the Dungeon.
You worshipped Vehumet.
Vehumet was noncommittal.
You visited 2 branches of the dungeon, and saw 7 of its levels.

You collected 368 gold pieces.

Inventory:

Hand Weapons
 h - the +6 Majin-Bo (weapon) {spellvamp, MP+6 Int+6}
   (You acquired it on level 4 of the Dungeon)

   Int+6:     It affects your intelligence (+6).
   MP+6:      It affects your magic capacity (+6).
 n - the +3 spear of Iconoclasm {drain, rC+ rN+ rCorr Str-2}
   (You found it on level 2 of the Dungeon)

   Str-2:     It affects your strength (-2).
   rC+:       It protects you from cold.
   rN+:       It protects you from negative energy.
   rCorr:     It protects you from acid and corrosion.
Missiles
 j - 4 poisoned darts
Armour
 v - a +0 kite shield (worn)
 B - a +0 robe (worn)
Jewellery
 d - a +4 ring of protection
 l - a ring of willpower
 u - a +6 ring of dexterity (left hand)
 y - a ring of wizardry (right hand)
Wands
 k - a wand of polymorph (8)
 t - a wand of flame (21)
Scrolls
 p - 2 scrolls of teleportation
 w - a scroll of vulnerability
 A - a scroll of amnesia
Potions
 b - a potion of magic
 c - a potion of enlightenment
 o - 2 potions of mutation {unknown}
 q - a potion of degeneration {unknown}
 s - 3 potions of haste {unknown}
 x - a potion of might {unknown}
 z - a potion of invisibility {unknown}


   Skills:
 + Level 1.8 Fighting
 + Level 0.6(0.8) Maces & Flails
 + Level 1.1(1.2) Polearms
 + Level 0.5(1.1) Staves
 + Level 2.9 Dodging
 + Level 2.4 Stealth
 + Level 0.7 Shields
 + Level 7.9 Spellcasting
 + Level 3.4 Conjurations
 + Level 6.5 Fire Magic


You had 6 spell levels left.
You knew the following spells:

 Your Spells              Type           Power      Damage    Failure   Level
a - Foxfire               Conj/Fire      100%       2x1d9     1%          1
b - Scorch                Fire           80%        2d8       1%          2
c - Slow                  Hex            36%        N/A       9%          1
d - Inner Flame           Hex/Fire       25%        N/A       7%          3
e - Dazzling Flash        Conj/Hex       34%        N/A       13%         3
f - Stone Arrow           Conj/Erth      34%        3d9       13%         3
g - Flame Wave            Conj/Fire      33%        2d10      12%         4

Your spell library contained the following spells:

 Spells                   Type           Power      Damage    Failure   Level
 Volatile Blastmotes      Fire/Tloc      50%        2d14      7%          3
 Jinxbite                 Hex            18%        N/A       13%         2
 Mephitic Cloud           Conj/Alch/Air  14%        N/A       16%         3
 Confusing Touch          Hex            9%         N/A       26%         3
 Fugue of the Fallen      Necr           9%         N/A       26%         3
 Ozocubu's Armour         Ice            9%         N/A       26%         3
 Sigil of Binding         Hex            9%         N/A       26%         3
 Vampiric Draining        Necr           9%         2d6       26%         3
 Anguish                  Hex/Necr       4%         N/A       61%         4
 Animate Armour           Summ/Erth      18%        N/A       61%         4
 Cause Fear               Hex            4%         N/A       61%         4
 Manifold Assault         Tloc           9%         N/A       61%         4
 Silence                  Hex/Air        4%         N/A       90%         5
 Yara's Violent Unravell  Hex/Alch       4%         3d4       90%         5
 Curse of Agony           Necr           9%         N/A       91%         5
 Enfeeble                 Hex            4%         N/A       100%        7
 Lehudib's Crystal Spear  Conj/Erth      8%         10d4      100%        8


Dungeon Overview and Level Annotations

Branches:
Dungeon (6/15)             Temple (1/1) D:6

Altars:
Ashenzari
Cheibriados
Dithmenos
Elyvilon
Fedhas
Gozag
Kikubaaqudgha
Nemelex Xobeh
Okawaru
Qazlal
Ru
Sif Muna
Trog
Uskayaw
Vehumet
Wu Jian
Xom
Yredelemnul
Zin
The Shining One

Annotations:
D:6 1 transporter, GrumpyGrim72's ghost, novice DECj


Innate Abilities, Weirdness & Mutations

You are too large for most types of armour.
You have a pair of small horns on your head.
You have tough skin. (AC +1)
You gain doubled healing and magic from potions.
Whenever you drink a healing potion, you attack all around you.


Message History

Confirm with . or Enter, or press ? or * to list all spells.
Flames lash the gnoll sergeant.
You feel better.
The gnoll sergeant is almost dead.
The gnoll sergeant's fire resistance burns away.
You feel very sick.
The gnoll sergeant hits you from afar with a +3 spear of venom.
You are more poisoned.
You block GrumpyGrim72's ghost's attack.
Casting: Scorch (safe; 1% risk of failure)
Confirm with . or Enter, or press ? or * to list all spells.
Flames lash GrumpyGrim72's ghost.
GrumpyGrim72's ghost is heavily damaged.
GrumpyGrim72's ghost's fire resistance burns away.
You feel extremely sick.
The gnoll sergeant hits you from afar with a +3 spear of venom!
You are more poisoned.
GrumpyGrim72's ghost points at you and mumbles some strange words.
The magic dart hits you.
Casting: Scorch (safe; 1% risk of failure)
Confirm with . or Enter, or press ? or * to list all spells.
You don't have enough magic to cast this spell.
You feel extremely sick.
GrumpyGrim72's ghost attacks as it pursues you!
GrumpyGrim72's ghost hits you!
* * * LOW HITPOINT WARNING * * *
GrumpyGrim72's ghost freezes you.
* * * LOW HITPOINT WARNING * * *
Casting: Scorch (safe; 1% risk of failure)
Confirm with . or Enter, or press ? or * to list all spells.
Flames lash GrumpyGrim72's ghost.
GrumpyGrim72's ghost is burned terribly!
GrumpyGrim72's ghost is severely damaged.
* * * LOW HITPOINT WARNING * * *
x2 You feel very sick.
The gnoll sergeant is no longer moving quickly.
The gnoll sergeant is no longer more vulnerable to fire.
The gnoll sergeant misses you. GrumpyGrim72's ghost hits you!
* * * LOW HITPOINT WARNING * * *
GrumpyGrim72's ghost freezes you.
You die...

#..≈≈#.8W#.###.©.###.#g8.#≈≈..#
#..≈≈#...###.#####g###...#≈≈..#
#..≈≈###.W.............###≈≈.##
#..≈≈.8#.######g######.#8.≈≈.#
#..≈≈.##.#..[#8).#.⌠.#.##.≈≈.#
#..~[.#..'..:#⌠©g)...'.g#.~~.####
#..≈≈.##.#...#8g)#.⌠.#.##.≈≈.....
#..≈≈.8#.######W######.#8.≈≈.####
#..≈≈###........@......###≈≈.#
#..≈≈#...###.#####.###..g#≈≈.#
#..≈≈#.8g#.###.©.###.#.8.#≈≈.#
#..≈≈#####...........#####≈≈.#
#..≈≈≈≈≈≈≈≈≈≈≈≈~≈≈≈≈≈≈≈≈≈≈≈≈.#
#..≈≈≈≈≈≈≈≈≈≈≈≈~≈≈≈≈≈≈≈≈≈≈≈≈.#
#............................#
#.............).#>........####
##########...<......####..# #


You could see a gnoll sergeant, GrumpyGrim72's ghost (combustible) and a gnoll.

Vanquished Creatures
  Eustachio (D:4)
  2 water moccasins (D:5)
  3 black bears
  An ice beast (D:6)
  The ghost of IdlyInterested the Trooper, an amateur DsFi (D:4)
  A centaur (D:5)
  A phantom (D:5)
  A gnoll sergeant (D:6)
  A scorpion (D:4)
  A jelly (D:4)
  An orc priest (D:3)
  A gnoll bouda (D:6)
  A hound (D:4)
  4 sleepcaps
  Jessica (D:2)
  An orc wizard (D:6)
  5 iguanas
  10 adders
  7 gnolls
  A dart slug (D:5)
  A ribbon worm (D:5)
  7 orcs
  3 ball pythons
  10 endoplasms
  5 giant cockroaches
  7 goblins
  6 hobgoblins
  6 jackals
  3 quokkas
  8 bats
  8 frilled lizards
  6 kobolds
  2 rats (D:2)
  A butterfly (D:6)
118 creatures vanquished.

Vanquished Creatures (others)
  281 foxfires
281 creatures vanquished.

Grand Total: 399 creatures vanquished

Notes
Turn   | Place    | Note
-------+----------+-------------------------------------------
     0 | D:1      | Tocho the Oni Fire Elementalist began the quest for the
                  | Orb.
     0 | D:1      | Reached XP level 1. HP: 16/16 MP: 3/3
   324 | D:1      | Reached XP level 2. HP: 24/24 MP: 1/5
   574 | D:1      | Reached skill level 1 in Conjurations
   627 | D:1      | Reached XP level 3. HP: 31/31 MP: 3/6
   884 | D:1      | Learned a level 2 spell: Scorch
  1330 | D:2      | Identified the +3 spear of Iconoclasm {drain, rC+ rN+ rCorr
                  | Str-2}
  1389 | D:2      | Noticed Jessica
  1392 | D:2      | Killed Jessica
  1393 | D:2      | Reached XP level 4. HP: 32/40 MP: 1/8
  1401 | D:2      | Reached skill level 3 in Spellcasting
  1820 | D:2      | Reached skill level 1 in Fighting
  2015 | D:3      | Found a white marble altar of Elyvilon.
  2483 | D:3      | Reached XP level 5. HP: 48/48 MP: 0/10
  2656 | D:3      | Found a broken altar of Ashenzari.
  2657 | D:3      | Found an opulent altar of Gozag.
  2892 | D:4      | Reached XP level 6. HP: 55/55 MP: 4/11
  2952 | D:4      | Noticed Eustachio
  2966 | D:4      | Killed Eustachio
  2967 | D:4      | Reached skill level 4 in Spellcasting
  3222 | D:4      | Reached XP level 7. HP: 30/62 MP: 1/13
  3352 | D:4      | Found a runed translucent door.
  3359 | D:4      | Noticed IdlyInterested's ghost (amateur DsFi)
  3672 | D:4      | Reached skill level 1 in Polearms
  3853 | D:4      | Identified a scroll of acquirement
  3853 | D:4      | Acquired the +6 Majin-Bo {spellvamp, MP+6 Int+6}
  3853 | D:4      | Found the +6 Majin-Bo {spellvamp, MP+6 Int+6}
  3926 | D:4      | Learned a level 1 spell: Slow
  3930 | D:4      | Learned a level 3 spell: Inner Flame
  3934 | D:4      | Learned a level 3 spell: Dazzling Flash
  3938 | D:4      | Learned a level 3 spell: Stone Arrow
  3953 | D:4      | Killed IdlyInterested's ghost
  3954 | D:4      | Reached skill level 5 in Spellcasting
  4140 | D:5      | Entered Level 5 of the Dungeon
  4215 | D:5      | Reached skill level 5 in Fire Magic
  4497 | D:5      | Reached XP level 8. HP: 70/70 MP: 16/16
  4573 | D:5      | Reached skill level 6 in Spellcasting
  5094 | D:5      | Reached skill level 7 in Spellcasting
  5753 | D:6      | Found a staircase to the Ecumenical Temple.
  5801 | D:6      | Found a transporter.
  5801 | D:6      | Found a transporter.
  5860 | Temple   | Entered the Ecumenical Temple
  5875 | Temple   | Became a worshipper of Sif Muna the Loreminder
  5897 | Temple   | Fell from the grace of Sif Muna
  5897 | Temple   | Became a worshipper of Vehumet
  5984 | D:6      | Identified the +1 buckler of Lies {Harm Will+ Int+3 Slay-4}
  5991 | D:6      | Noticed GrumpyGrim72's ghost (novice DECj)
  6264 | D:6      | Learned a level 4 spell: Flame Wave
  6277 | D:6      | Reached XP level 9. HP: 32/79 MP: 7/20
  6282 | D:6      | HP: 1/79 [GrumpyGrim72's ghost (8)]
  6282 | D:6      | Slain by GrumpyGrim72's ghost

Illustrated notes

Levels and vault maps discovered:
D:1:      sevenhm_arrival_forest_fort_small_5, layout_rooms
D:2:      layout_basic, uniq_jessica
D:3:      layout_basic, gammafunk_temple_overflow_pools,
          nicolae_elyvilon_temple_path
D:4:      layout_cave_pools, ebering_ghost_sewer_d,
          minmay_misc_feat_four_crosses, kennysheep_diamond, uniq_eustachio
D:5:      layout_basic, serial_rivers, chequers_serial_rivers_room_b,
          chequers_serial_rivers_micro_c, chequers_serial_rivers_small_3,
          chequers_serial_rivers_small_a, chequers_serial_rivers_room_b,
          item_on_display_a
D:6:      layout_loops_ring, minmay_temple_entry_butterflies,
          gammafunk_ghost_gnarly_gnolls
Temple:   minmay_crystal_spiral_temple

Skill      XL: |  1  2  3  4  5  6  7  8 |
---------------+-------------------------+-----
Fire Magic     | 3 4 5 6 |  6.5
Conjurations   | 1 2 3 |  3.4
Dodging        | 2 |  2.9
Spellcasting   | 3 4 5 7 |  7.9
Fighting       | 1 |  1.8
Stealth        | 2 |  2.4
Polearms       | 1 |  1.1
Maces & Flails | |  0.6
Staves         | |  0.5
Shields        | |  0.7

Action                     |  1- 3 |  4- 6 |  7- 9 || total
---------------------------+-------+-------+-------++-------
  Melee: Mace              |    39 |       |       ||    39
         Headbutt          |     5 |     6 |     2 ||    13
         Spear             |       |    54 |     7 ||    61
         Bo                |       |       |     7 ||     7
   Cast: Foxfire           |    41 |    54 |    78 ||   173
         Scorch            |     9 |    13 |    43 ||    65
         Inner Flame       |       |       |     1 ||     1
         Flame Wave        |       |       |     4 ||     4
    Use: Scroll            |     1 |       |    10 ||    11
         Potion            |       |       |     2 ||     2
   Stab: Sleeping          |       |     3 |       ||     3
 Armour: Robe              |    36 |    26 |    33 ||    95
  Dodge: Dodged            |    35 |    27 |    11 ||    73
  Block: Kite shield       |       |     7 |    19 ||    26

Table legend: (Time is in decaauts)
 A = Elapsed time spent in this place.
 B = Non-inter-level travel time spent in this place.
 C = Inter-level travel time spent in this place.
 D = Time resting spent in this place.
 E = Time spent auto-exploring this place.
 F = Levels seen in this place.
 G = Mean time per level.
                   A        B        C        D        E       F      G
               +--------+--------+--------+--------+--------+-----+--------+
         Total |   6305 |   5766 |    539 |      0 |   4945 |   7 |  900.7 |
       Dungeon |   6235 |   5762 |    473 |      0 |   4945 |   6 | 1039.2 |
        Temple |     70 |      4 |     66 |      0 |      0 |   1 |   70.0 |
               +--------+--------+--------+--------+--------+-----+--------+

Top non-repeatable levels by time:
     D:4: 1323 daAuts
     D:5: 1175 daAuts
     D:2: 978 daAuts
     D:3: 969 daAuts
     D:6: 897 daAuts
     D:1: 890 daAuts
  Temple: 70 daAuts
